 Dungeon Crawl Stone Soup version 0.30-a0-618-gd6c86c23d0 (webtiles) character file.

Game seed: 14867461517961086305

7 drugrobin the Sneak (level 1, 9/18 HPs)
             Began as a Demigod Delver on Jan 10, 2023.
             Quit the game on level 3 of the Dungeon.
             The game lasted 00:01:05 (134 turns).

drugrobin the Sneak (Demigod Delver)                 Turns: 134, Time: 00:01:06

Health: 9/18       AC:  3    Str: 13    XL:     1   Next: 66%
Magic:  3/3        EV: 11    Int: 12    God:
Gold:   35         SH:  0    Dex: 15    Spells: 0/0 levels left

rFire   . . .      SeeInvis .      - Unarmed
rCold   . . .      Faith    .    (no shield)
rNeg    . . .      Spirit   .    a - +0 leather armour
rPois   .          Reflect  .    (no helmet)
rElec   .          Harm     .    (no cloak)
rCorr   .          Rampage  .    (no gloves)
Will    .....                    (no boots)
Stlth   +                        (no amulet)
HPRegen 0.23/turn                (no ring)
MPRegen 0.08/turn                (no ring)

@: confused, hasted, very quick
A: high MP 1, forlorn, divine attributes
a: no special abilities


You were on level 3 of the Dungeon.
You visited 1 branch of the dungeon, and saw 3 of its levels.

You collected 35 gold pieces.

Inventory:

Armour
 a - a +0 leather armour (worn)
Wands
 f - a wand of digging (2)
Scrolls
 b - a scroll of fog
 g - a scroll of identify {unknown}


   Skills:
 - Level 2.6 Fighting
 - Level 1.7 Dodging
 - Level 4.5 Stealth
 + Level 2.4 Unarmed Combat


You couldn't memorise any spells.
You didn't know any spells.
Your spell library was empty.

Dungeon Overview and Level Annotations

Branches:
Dungeon (5/15)
 Temple: D:4-7


Innate Abilities, Weirdness & Mutations

You have an increased reservoir of magic. (+10% MP)
You shall have no god before yourself.
Your divine heritage dramatically boosts your attributes as you level up.


Message History

Unknown command.
Unknown command.
As you read the scroll of fear, it crumbles to dust.
You assume a fearsome visage.
The adder looks frightened!
The orc looks frightened!
The orc wizard looks frightened!
The orc priest looks frightened!
The orc wizard gestures wildly while chanting.
The orc wizard flickers and vanishes!
Deactivating autopickup; reactivate with Ctrl-A.
You hear a shout! x2
Cornered, the orc priest turns to fight!
An orc priest comes into view. It is wielding a +0 hand axe.
Found a scroll labelled OGEMOV TOCURI and 11 gold pieces.
Cornered, the orc turns to fight!
Cornered, the adder turns to fight!
You feel yourself speed up.
An orc comes into view. It is wielding a +0 flail.
Unknown command.
Unknown command.
A goblin comes into view. It is wielding a +0 club.
The orc closely misses you.
You hear some strange, mumbled words.
You are confused.
Unknown command.
Unknown command.
Unknown command.
Unknown command.
You're too confused to move!
Unknown command.
Unknown command.
Unknown command.
Unknown command.
You completely miss something.
Unknown command.
Unknown command.
Unknown command.
You hit something but do no damage. The orc barely misses you.
You're too confused to move!
The adder closely misses you.
Unknown command.
Unknown command.
Are you sure you want to abandon this character and quit the game? (Confirm with "yes".)

## .# . ########
#......#
################......#
..gg...g..............#
#########.######......#
##............#
##.g..o@.....# #
..........oS.###### .#
#######.....o...? .#
#....o####$ ## #####.#
#g# #.# ...


You could see 2 orc priests, a gnoll, an adder, 2 orcs and a goblin.

Vanquished Creatures
  5 jackals (D:3)
5 creatures vanquished.

Vanquished Creatures (others)
  A human (D:5)
1 creature vanquished.

Grand Total: 6 creatures vanquished

Notes
Turn   | Place    | Note
-------+----------+-------------------------------------------
     0 | D:5      | drugrobin the Demigod Delver began the quest for the Orb.
     0 | D:5      | Reached XP level 1. HP: 18/18 MP: 3/3
    30 | D:5      | Noticed a human
    32 | D:5      | Killed a human
    45 | D:5      | Noticed a quasit
    45 | D:5      | Noticed a quasit
    45 | D:5      | Noticed a quasit
    46 | D:5      | Found the +0 pair of fencer's gloves {Riposte Dex+3}
    57 | D:4      | Noticed an ogre
    59 | D:4      | Noticed a wight
    61 | D:4      | Noticed an ogre
    63 | D:4      | Noticed a wight
   119 | D:3      | Noticed an orc wizard
   122 | D:3      | Noticed an orc priest
   125 | D:3      | Noticed an orc priest
   134 | D:3      | Quit the game

Illustrated notes

Levels and vault maps discovered:
D:3:      layout_rooms, mainiacjoe_overflow_alcove_1, fedhas_altar_fruit_tree,
          hellmonk_ecumenical_altar_pennies_from_heaven
D:4:      layout_rooms, gup_sewer_entry_glass
D:5:      cheibrodos_quashed, layout_basic, mainiacjoe_overflow_surrounded_room,
          tgw_kikubaaqudgha, uniq_menkaure

Skill      XL: |  1 |
---------------+----+-----
Unarmed Combat | 2 |  2.4
Fighting       | |  2.6
Dodging        | |  1.7
Stealth        | |  4.5

Action                   || total
-------------------------++-------
Melee: Unarmed           ||    30
       Punch             ||     1
Evoke: Wand              ||     1
  Use: Scroll            ||     2
       Potion            ||     1
Armor: Leather armour    ||    13
Dodge: Dodged            ||    24

Table legend: (Time is in decaauts)
 A = Elapsed time spent in this place.
 B = Non-inter-level travel time spent in this place.
 C = Inter-level travel time spent in this place.
 D = Time resting spent in this place.
 E = Time spent auto-exploring this place.
 F = Levels seen in this place.
 G = Mean time per level.
                   A        B        C        D        E       F      G
               +--------+--------+--------+--------+--------+-----+--------+
         Total |    130 |    130 |      0 |      0 |     41 |   3 |   43.3 |
       Dungeon |    130 |    130 |      0 |      0 |     41 |   3 |   43.3 |
               +--------+--------+--------+--------+--------+-----+--------+

Top non-repeatable levels by time:
     D:3: 62 daAuts
     D:5: 57 daAuts
     D:4: 10 daAuts
